 Dungeon Crawl Stone Soup version 0.19.5 (webtiles) character file.

154 Kisielow the Changer (level 5, -1/37 HPs)
             Began as a Merfolk Transmuter on May 21, 2017.
             Slain by Crazy Yiuf
             ... wielding a +2 quarterstaff of chaos
              (7 damage)
             ... on level 2 of the Dungeon.
             The game lasted 00:04:08 (3261 turns).

Kisielow the Changer (Merfolk Transmuter)           Turns: 3261, Time: 00:04:09

Health: -1/37      AC:  2    Str: 10    XL:     5   Next: 36%
Magic:  3/8        EV: 26    Int: 13    God:
Gold:   93         SH:  0    Dex: 25    Spells: 2 memorised, 4 levels left

rFire  . . .     SeeInvis .       - Unarmed
rCold  . . .     Gourm    .     (armour currently unavailable)
rNeg   . . .     Faith    .     (shield currently unavailable)
rPois  x         Spirit   .     (helmet currently unavailable)
rElec  .         Reflect  .     (cloak currently unavailable)
rCorr  .         Harm     .     (gloves currently unavailable)
MR     +....                    (boots currently unavailable)
Stlth  +++.......               (no amulet)
                                (no ring)
                                f - ring of protection from magic

@: agile, spider-form (expiring)
A: (change form in water), (swift swim), (stealthy swim)
a: End Transformation


You were on level 2 of the Dungeon.
You were not hungry.
You were a venomous arachnid creature.
You visited 1 branch of the dungeon, and saw 2 of its levels.

You collected 93 gold pieces.

Inventory:

Missiles
 a - 77 arrows
Armour
 b - a +0 robe (melded)
Jewellery
 f - a ring of protection from magic (left front leg)
Scrolls
 e - a scroll of teleportation {unknown}
 k - 2 scrolls of identify {unknown}
 m - a scroll of blinking {unknown}
Potions
 i - a potion of heal wounds {unknown}
 j - a potion of resistance {unknown}
 l - a potion of invisibility {unknown}
 o - a potion of ambrosia {unknown}
 p - a potion of haste {unknown}
Books
 c - a book of Changes

   Spells                             Type                      Level
   a - Beastly Appendage              Transmutation                1
   b - Sticks to Snakes               Transmutation                2
   c - Spider Form                    Transmutation/Poison         3
   d - Ice Form                       Ice/Transmutation            4
   e - Blade Hands                    Transmutation                5
Comestibles
 d - 2 bread rations
 g - 2 meat rations
 n - 3 fruits
 q - a beef jerky
 r - a chunk of flesh


   Skills:
 - Level 1.1 Fighting
 - Level 2.6 Dodging
 - Level 5.0 Unarmed Combat
 - Level 2.0 Spellcasting
 + Level 5.4 Transmutations


You had 4 spell levels left.
You knew the following spells:

 Your Spells              Type           Power        Failure   Level  Hunger
a - Beastly Appendage     Tmut           ###...       12%         1    ##.....
q - Spider Form           Tmut/Pois      #.........   50%         3    ####...


Dungeon Overview and Level Annotations

Branches:
Dungeon (2/15)

Altars:

Annotations:
D:2 Crazy Yiuf, Sigmund


Message History

Sigmund is lightly wounded.
Your transformation is almost over.
Sigmund gestures at you while chanting. The puff of flame hits you!
Crazy Yiuf glowers.
Crazy Yiuf completely misses you.
You hit Sigmund.
Sigmund is poisoned.
Sigmund is moderately wounded.
Sigmund completely misses you. Crazy Yiuf misses you.
You completely miss Sigmund.
Sigmund is moderately wounded.
Crazy Yiuf hits you with a quarterstaff of chaos!
* * * LOW HITPOINT WARNING * * *
You feel your power leaking away.
Okay, then.
It was a potion of agility.
You feel agile all of a sudden. Sigmund completely misses you.
Crazy Yiuf hits you with a quarterstaff of chaos!
You die...

#>........<.#
#.#########.# #.# #.#
#.# ### ##### #.#
#>... ###.#######
♣♣♣♣♣#####.###
..........# ####
♣♣♣.♣....##.....
.##.##..###
#...#♣..♣.PP......###
..#.##....#
#..@s.♣♣♣♣PP......#
#.#.###.### #).g#♣♣
♣♣.....#.# #...#
#.### #### ♣♣##.##.#
###.###...# #....###
#.........# #.......
#......###### ###
#...#### ..####.# #.#
#.# ##.## #># #.# #.#
######.####.# #.# #.#
#.#####........##.#


You could see Sigmund and Crazy Yiuf.

Vanquished Creatures
  Natasha (thrice) (D:2)
  3 adders (D:2)
  An ooze (D:1)
  A worm (D:2)
  A dart slug (D:2)
  2 leopard geckos (D:2)
  2 giant cockroaches
  12 goblins
  6 hobgoblins
  A jackal (D:2)
  A quokka (D:2)
  A ball python (D:1)
  2 bats (D:2)
  4 frilled lizards
  4 kobolds
  A rat (D:1)
45 creatures vanquished.

Notes
Turn   | Place    | Note
-------+----------+-------------------------------------------
     0 | D:1      | Kisielow the Merfolk Transmuter began the quest for the Orb.
     0 | D:1      | Reached XP level 1. HP: 15/15 MP: 3/3
    97 | D:1      | Reached XP level 2. HP: 21/21 MP: 5/5
   959 | D:1      | Reached XP level 3. HP: 19/26 MP: 6/6
   967 | D:1      | Learned a level 3 spell: Spider Form
  1257 | D:2      | Noticed Natasha
  1269 | D:2      | Killed Natasha
  1269 | D:2      | Reached skill level 5 in Unarmed Combat
  1281 | D:2      | Reached XP level 4. HP: 2/32 MP: 7/7
  1970 | D:2      | Found a faded altar of an unknown god.
  2335 | D:2      | Noticed Natasha
  2340 | D:2      | Killed Natasha
  2518 | D:2      | Reached XP level 5. HP: 37/37 MP: 8/8
  2649 | D:2      | Reached skill level 5 in Transmutations
  2916 | D:2      | Found a runed door.
  3135 | D:2      | Noticed Natasha
  3143 | D:2      | Killed Natasha
  3255 | D:2      | Noticed Crazy Yiuf
  3255 | D:2      | Noticed Sigmund
  3261 | D:2      | Slain by Crazy Yiuf

Skill      XL: |  1  2  3  4  5 |
---------------+----------------+-----
Unarmed Combat | 4 5 |  5.0
Transmutations | 3 4 5 |  5.4
Fighting       | |  1.1
Dodging        | |  2.6
Spellcasting   | |  2.0

Action                   |  1- 3 |  4- 6 || total
-------------------------+-------+-------++-------
Melee: Unarmed           |    80 |    76 ||   156
       Punch             |     2 |       ||     2
 Cast: Spider Form       |       |     7 ||     7
  Use: Potion            |       |     1 ||     1
 Stab: Sleeping          |     2 |     1 ||     3
       Distracted        |     1 |       ||     1
  Eat: Chunk             |     1 |     7 ||     8
Armor: Robe              |     4 |     5 ||     9
       Skin              |       |     1 ||     1
Dodge: Dodged            |    37 |    68 ||   105
